 Dungeon Crawl Stone Soup version 0.31.0-32-g396128a36d (webtiles) character file.

Game seed: 8035755986836715967

2471728 Chimkentus the Wrestler (level 27, 279/279 HPs)
             Began as a Troll Monk on Jan 19, 2024.
             Was a High Priest of Qazlal.
             Escaped with the Orb
             ... and 4 runes on Apr 20, 2024!
             The game lasted 10:51:29 (64353 turns).

Chimkentus the Wrestler (Troll Monk)               Turns: 64353, Time: 10:51:30

Health: 279/279    AC: 30    Str: 35    XL:     27
Magic:  36/36      EV: 12    Int: 16    God:    Qazlal [*****.]
Gold:   4617       SH: 29    Dex: 21    Spells: 27/33 levels left

rFire   + +          +
                       - Unarmed
rCold   + + .        w - +5 Storm Queen's Shield {shock, Fly rElec}
rNeg    . . .        O - +2 gold dragon scales
rPois   +            k - +2 hat {Stlth+}
rElec   +            n - +2 cloak
rCorr   +            (gloves unavailable)
SInv    +            (boots unavailable)
Will    +++++        y - amulet "Feoff" {Reflect rC- Dex+4 SH+5 SInv} Stlth
                     e - ring "Gafek" {Will+++ rCorr Int+4 Dex+3 Stlth-}
HPRegen 1.46/turn    l - ring "Irojuo" {rF++ rC++ Int+6}
MPRegen 0.25/turn

%: repel missiles, reflection
@: flying, studying 3 skills
A: large, unfitting armour, claws 3, regeneration 1, shaggy fur 1, tough skin 1,
talons 1, inability to drink after injury 1, MP-powered wands
0: Orb of Zot
}: 4/15 runes: decaying, serpentine, slimy, silver
a: Renounce Religion, Upheaval, Elemental Force, Disaster Area


You escaped.
You worshipped Qazlal.
Qazlal was extremely pleased with you.
You visited 12 branches of the dungeon, and saw 56 of its levels.
You also visited: Wizlab and Desolation.

You collected 9448 gold pieces.
You spent 4831 gold pieces at shops.

Inventory:

Hand Weapons
 T - the +8 great mace of Gluttony {antimagic, rN+++ Str+3 Int-3}
   (You found it in the Desolation of Salt)

   Str+3:     It affects your strength (+3).
   Int-3:     It affects your intelligence (-3).
   rN+++:     It renders you almost immune to negative energy.
Missiles
 t - 19 atropa-tipped darts
 I - a throwing net
 J - 6 javelins
 L - 4 curare-tipped darts
 P - 104 large rocks (quivered)
 Q - 2 silver javelins
Armour
 k - a +2 hat of stealth (worn)
 n - a +2 cloak (worn)
 w - the +5 Storm Queen's Shield (worn) {shock, Fly rElec}
   (You bought it in a shop on level 2 of the Vaults)

   Shock:     When it blocks an attack, it may electrocute the attacker.
   This works even against foes who are a short distance away.
   rElec:     It insulates you from electricity.
   Fly:       It grants you flight.
 O - +2 gold dragon scales (worn)
Jewellery
 e - the ring "Gafek" (left claw) {Will+++ rCorr Int+4 Dex+3 Stlth-}
   (You found it on level 1 of the Depths)

   [ring of resist corrosion]

   Int+4:     It affects your intelligence (+4).
   Dex+3:     It affects your dexterity (+3).
   Will+++:   It greatly increases your willpower.
   rCorr:     It protects you from acid and corrosion.
   Stlth-:    It makes you less stealthy.
 l - the ring "Irojuo" (right claw) {rF++ rC++ Int+6}
   (You took it off a deep elf annihilator on level 3 of the Elven Halls)

   [ring of intelligence]

   Int+6:     It affects your intelligence (+6).
   rF++:      It greatly protects you from fire.
   rC++:      It greatly protects you from cold.
 y - the amulet "Feoff" (around neck) {Reflect rC- Dex+4 SH+5 SInv}
   (You took it off a deep elf master archer on level 3 of the Elven Halls)

   [amulet of reflection]

   Reflect:   It reflects blocked missile attacks.
   Dex+4:     It affects your dexterity (+4).
   rC-:       It makes you vulnerable to cold.
   SInv:      It lets you see invisible.
   SH+5:      It affects your SH (+5).
 A - the ring "Reskink Sisu" {rElec MP+9 Int+2}
   (You found it on level 5 of the Pits of Slime)

   [ring of magical power]

   Int+2:     It affects your intelligence (+2).
   rElec:     It insulates you from electricity.
   MP+9:      It affects your magic capacity (+9).
 H - the ring "Rotepil" {rF+ rN+++ Str-3 Dex-2 Stlth+}
   (You found it in the Desolation of Salt)

   [ring of protection from fire]

   Str-3:     It affects your strength (-3).
   Dex-2:     It affects your dexterity (-2).
   rF+:       It protects you from fire.
   rN+++:     It renders you almost immune to negative energy.
   Stlth+:    It makes you more stealthy.
 M - the ring of Xagia {Ice rElec rCorr Str-2 Int+4}
   (You took it off a deep elf annihilator on level 3 of the Elven Halls)

   [ring of ice]

   Ice:       It enhances your ice magic.
   Str-2:     It affects your strength (-2).
   Int+4:     It affects your intelligence (+4).
   rF-:       It makes you vulnerable to fire.
   rC+:       It protects you from cold.
   rElec:     It insulates you from electricity.
   rCorr:     It protects you from acid and corrosion.
 N - a +6 ring of strength
 S - the ring "Jampahek" {rPois rC+ rCorr Int-2}
   (You took it off a vampire mage on level 3 of the Crypt)

   [ring of protection from cold]

   Int-2:     It affects your intelligence (-2).
   rC+:       It protects you from cold.
   rPois:     It protects you from poison rCorr: It protects you from acid and
   corrosion.
Wands
 d - a wand of iceblast (1)
 h - a wand of mindburst (7)
 x - a wand of digging (3)
 V - a wand of polymorph (21)
 X - a wand of flame (40)
Scrolls
 g - 6 scrolls of fear
 j - 3 scrolls of revelation
 r - 20 scrolls of teleportation
 s - 7 scrolls of vulnerability
 v - 10 scrolls of poison
 B - 8 scrolls of fog
 C - 2 scrolls of blinking
 D - 2 scrolls of butterflies
 G - 5 scrolls of immolation
 Y - 2 scrolls of silence
Potions
 b - 10 potions of ambrosia
 c - 5 potions of lignification
 f - 3 potions of haste
 i - 10 potions of brilliance
 m - 2 potions of magic
 o - 4 potions of resistance
 q - 13 potions of attraction
 u - 18 potions of curing
 z - 3 potions of berserk rage
 E - 5 potions of heal wounds
 F - 4 potions of cancellation
 R - 7 potions of enlightenment
 U - 7 potions of mutation
Miscellaneous
 a - a box of beasts
 p - a lightning rod (4/4)
 K - a tin of tremorstones (inert)
 W - a phial of floods
 Z - a phantom mirror


   Skills:
 * Level 17.2 Fighting
 + Level 20.0 Throwing
 + Level 16.1 Armour
 + Level 13.0 Dodging
 - Level 3.1 Stealth
 - Level 10.8 Shields
 - Level 21.5 Unarmed Combat
 * Level 3.8 Spellcasting
 + Level 3.7 Translocations
 * Level 21.4 Invocations
 * Level 8.8 Evocations


You had 27 spell levels left.
You knew the following spells:

 Your Spells              Type           Power      Damage    Failure   Level
a - Swiftness             Air            3%         N/A       100%        3
b - Blink                 Tloc           30%        N/A       63%         2
c - Apportation           Tloc           30%        N/A       50%         1

Your spell library contained the following spells:

 Spells                   Type           Power      Damage    Failure   Level
 Lesser Beckoning         Tloc           30%        N/A       63%         2
 Gell's Gravitas          Tloc           15%        N/A       86%         3
 Teleport Other           Tloc           15%        N/A       86%         3
 Foxfire                  Conj/Fire      12%        2x1d4     95%         1
 Freeze                   Ice            12%        1d3       95%         1
 Kiss of Death            Conj/Necr      12%        2d6       95%         1
 Magic Dart               Conj           12%        1d3       95%         1
 Necrotise                Necr           12%        1d4       95%         1
 Sandblast                Erth           6%         2d5       95%         1
 Shock                    Conj/Air       12%        1d3       95%         1
 Sting                    Conj/Alch      12%        1d3       95%         1
 Summon Small Mammal      Summ           12%        N/A       95%         1
 Call Imp                 Summ           6%         N/A       98%         2
 Ensorcelled Hibernation  Hex/Ice        6%         N/A       98%         2
 Mercury Vapours          Alch/Air       6%         N/A       98%         2
 Searing Ray              Conj           6%         2d4       98%         2
 Static Discharge         Conj/Air       6%         3-4/arc   98%         2
 Sublimation of Blood     Necr           3%         N/A       98%         2
 Volatile Blastmotes      Fire/Tloc      18%        2d11      98%         3
 Passage of Golubria      Tloc           15%        N/A       99%         4
 Call Canine Familiar     Summ           3%         N/A       100%        3
 Dazzling Flash           Conj/Hex       6%         N/A       100%        3
 Frozen Ramparts          Ice            6%         1d1       100%        3
 Fugue of the Fallen      Necr           3%         N/A       100%        3
 Hailstorm                Conj/Ice       3%         3d5       100%        3
 Inner Flame              Hex/Fire       3%         N/A       100%        3
 Mephitic Cloud           Conj/Alch/Air  3%         N/A       100%        3
 Passwall                 Erth           3%         N/A       100%        3
 Sigil of Binding         Hex            3%         N/A       100%        3
 Stone Arrow              Conj/Erth      6%         3d7       100%        3
 Summon Ice Beast         Ice/Summ       3%         N/A       100%        3
 Tukima's Dance           Hex            3%         N/A       100%        3
 Vampiric Draining        Necr           3%         2d6       100%        3
 Airstrike                Air            1%         2d(1-17)  100%        4
 Anguish                  Hex/Necr       1%         N/A       100%        4
 Animate Armour           Summ/Erth      6%         N/A       100%        4
 Animate Dead             Necr           3%         N/A       100%        4
 Brom's Barrelling Bould  Conj/Erth      3%         2d3       100%        4
 Cause Fear               Hex            1%         N/A       100%        4
 Dimensional Bullseye     Hex/Tloc       4%         N/A       100%        4
 Dispel Undead            Necr           3%         3d7       100%        4
 Fulminant Prism          Conj/Alch      1%         3d5       100%        4
 Ignite Poison            Fire/Alch      3%         N/A       100%        4
 Iskenderun's Mystic Bla  Conj/Tloc      9%         2d4       100%        4
 Leda's Liquefaction      Alch/Erth      1%         N/A       100%        4
 Martyr's Knell           Necr/Summ      3%         N/A       100%        4
 Olgreb's Toxic Radiance  Alch           3%         N/A       100%        4
 Petrify                  Alch/Erth      3%         N/A       100%        4
 Sticky Flame             Fire/Alch      3%         2d4       100%        4
 Summon Blazeheart Golem  Fire/Summ      3%         N/A       100%        4
 Summon Lightning Spire   Summ/Air       3%         N/A       100%        4
 Vhi's Electric Charge    Tloc/Air       18%        N/A       100%        4
 Arcjolt                  Conj/Air       1%         1d11      100%        5
 Borgnjor's Vile Clutch   Necr/Erth      1%         N/A       100%        5
 Curse of Agony           Necr           3%         N/A       100%        5
 Freezing Cloud           Conj/Ice/Air   1%         6-21      100%        5
 Irradiate                Conj/Alch      1%         3d12      100%        5
 Lee's Rapid Deconstruct  Erth           1%         3d4*      100%        5
 Metabolic Englaciation   Hex/Ice        1%         N/A       100%        5
 Silence                  Hex/Air        1%         N/A       100%        5
 Summon Forest            Summ/Tloc      4%         N/A       100%        5
 Summon Mana Viper        Hex/Summ       3%         N/A       100%        5
 Yara's Violent Unravell  Hex/Alch       1%         3d3       100%        5
 Bombard                  Conj/Erth      1%         9d1       100%        6
 Death Channel            Necr           1%         N/A       100%        6
 Eringya's Noxious Bog    Alch           1%         4d6       100%        6
 Plasma Beam              Fire/Air       1%         2x1d11    100%        6
 Sculpt Simulacrum        Ice/Alch       1%         N/A       100%        6
 Starburst                Conj/Fire      1%         6d3       100%        6
 Enfeeble                 Hex            1%         N/A       100%        7
 Haunt                    Necr/Summ      1%         N/A       100%        7
 Malign Gateway           Summ/Tloc      4%         N/A       100%        7
 Ozocubu's Refrigeration  Ice            1%         4d7       100%        7
 Spellforged Servitor     Conj/Summ      1%         N/A       100%        7
 Summon Hydra             Summ           1%         N/A       100%        7
 Borgnjor's Revivificati  Necr           1%         N/A       100%        8
 Ignition                 Fire           1%         3d3       100%        8
 Lehudib's Crystal Spear  Conj/Erth      1%         10d2      100%        8
 Maxwell's Capacitive Co  Air            1%         ∞         100%        8
 Summon Horrible Things   Summ           1%         N/A       100%        8
 Chain Lightning          Conj/Air       1%         3d2       100%        9
 Fire Storm               Conj/Fire      1%         8d1       100%        9
 Polar Vortex             Ice            1%         N/A       100%        9
 Shatter                  Erth           1%         3d6*      100%        9


Dungeon Overview and Level Annotations

Branches:
Dungeon (15/15)            Temple (1/1) D:5            Lair (5/5) D:11
  Swamp (4/4) Lair:3        Snake (4/4) Lair:3        Slime (5/5) Lair:4
    Orc (2/2) D:9             Elf (3/3) Orc:2        Vaults (5/5) D:14
  Crypt (3/3) Vaults:3       Tomb (0/3) Crypt:3      Depths (4/4) D:15
    Zot (5/5) Depths:4     WizLab (visited)         Desolation (visited)

Altars:
Ashenzari
Cheibriados
Dithmenos
Elyvilon
Fedhas
Gozag
Hepliaklqana
Kikubaaqudgha
Makhleb
Nemelex Xobeh
Okawaru
Qazlal
Ru
Sif Muna
Trog
Uskayaw
Vehumet
Wu Jian
Xom
Yredelemnul
Zin
The Shining One
Jiyva

Shops:
D:10 :[:   Orc:1 [   Orc:2 ([*:   Elf:2 *   Elf:3 *[((   Vaults:2 *

Portals:
Hell: Depths:1 Depths:2 Depths:3 Depths:4
Abyss: Depths:3
Pandemonium: Depths:2 Depths:3
Ziggurat: Depths:1

Annotations:
Zot:4 2 transporters, hernaldog's ghost, veteran MiBe; runemage's ghost, legendary GnFi


Innate Abilities, Weirdness & Mutations

You are too large for most types of armour.
You have claws for hands.
Your natural rate of healing is unusually fast.
You are covered in fur. (AC +1)
You have tough skin. (AC +1)
You have sharp toenails.
You occasionally lose the ability to drink potions when taking damage.
You expend magic power (3 MP) to strengthen your wands.


Message History

A blizzard demon comes into view.
There is an escape hatch in the ceiling here.
A mysterious force pulls you upwards. The hatch slams shut behind you.
What level of the Dungeon? (default 1, ? - help)
A sun demon comes into view.
Throw: 104 large rocks
Press: ? - help, Q - select action, (/) - cycle Shift-Dir - straight line, f - sun demon
Aim: a sun demon (70% to hit)
You throw a large rock. The large rock hits the sun demon!!!
The sun demon is almost dead.
Unknown command.
Throw: 103 large rocks
Press: ? - help, Q - select action, (/) - cycle Shift-Dir - straight line, f/p - sun demon
Aim: a sun demon (almost dead, 70% to hit)
You throw a large rock.
The large rock closely misses the sun demon.
Unknown command.
Unknown command.
Throw: 102 large rocks
Press: ? - help, Q - select action, (/) - cycle Shift-Dir - straight line, f/p - sun demon
Aim: a sun demon (almost dead, 70% to hit)
You throw a large rock.
The large rock barely misses the sun demon.
Unknown command.
Throw: 101 large rocks
Press: ? - help, Q - select action, (/) - cycle Shift-Dir - straight line, f/p - sun demon
Aim: a sun demon (almost dead, 70% to hit)
You throw a large rock. The large rock hits the sun demon!!!
You kill the sun demon!
Qazlal accepts your kill.
P - 101 large rocks (gained 1)
P - 102 large rocks (gained 1)
P - 104 large rocks (gained 2)
There is a stone staircase leading up here.
There is a stone staircase leading up here.
You fly upwards.
There is a stone staircase leading down here.
There is a staircase leading out of the dungeon here.
Unknown command.
You have escaped!

###.........#.#######.##.#
#..########......##.##.#
#..## ######.##.##.# #...##
###.##.##.# #...~♣♣♣♣
♣♣♣♣~..##.##.#
#..~~≈♣≈♣♣♣≈♣♣~~....##.#
#..♣≈~~§§~~~~~≈♣....##.#
##)♣≈~~~~~~§~~≈♣...###.#
#.♣≈~~~~@~~~~≈♣...# #.#
#.♣≈~~§~~~~~~♣♣...# #.#
##.♣≈~~~~~§~~~♣♣...# #.#
########..~~♣♣♣≈≈≈≈♣≈~~#..#
#.#
....>......~♣♣♣♣♣♣♣♣♣~.#..#
#.#
.#######...#.##...........#
#.# ##
##.#............######.#
####
#.#..##.###...........#
...#
#..........>#..########


There were no monsters in sight!

Vanquished Creatures
  the Royal Jelly (Slime:5)
  7 dread liches
  6 ancient liches
  An orb of fire (Zot:5)
  Mara (Swamp:3)
  A pandemonium lord (Depths:3)
  Sojobo (Vaults:3)
  A royal mummy (Crypt:3)
  Bai Suzhen (Depths:2)
  Boris (thrice) (Depths:2 Depths:3 Vaults:5)
  the Lernaean hydra (Swamp:3)
  6 Killer Klowns
  Margery (Crypt:1)
  2 curse toes
  Saint Roka (Vaults:3)
  9 golden dragons
  3 electric golems (Zot:5)
  20 tentacled monstrosities
  2 hellephants (Zot:4)
  2 Ice Fiends
  Zenata (Crypt:1)
  A walking earthen tome (Depths:3)
  28 Orb Guardians
  Jorgrun (D:15)
  A shard shrike skeleton (Crypt:2)
  4 liches
  A searing wretch (Crypt:1)
  10 quicksilver dragons
  A deep elf blademaster (Elf:3)
  5 titans (Vaults:5)
  11 death cobs
  5 sphinxes
  A deep elf master archer (Elf:3)
  17 acid blobs
  5 ancient champions
  8 storm dragons
  10 shadow dragons
  8 protean progenitors
  A fenstrider witch (Swamp:4)
  10 rockslimes
  6 tengu reavers
  15 nagarajas
  10 azure jellies
  9 fire giants
  4 draconian monks
  6 draconian knights
  11 frost giants
  4 iron dragons
  8 deep elf sorcerers
  4 ghost moths
  7 draconian scorchers
  An imperial myrmidon (Desolation)
  3 deep elf elementalists (Elf:3)
  A balrug (D:15)
  23 vault wardens
  6 draconian shifters
  2 curse skulls
  2 ghouls (Crypt:2)
  3 orc warlords
  4 draconian stormcallers
  The ghost of Bananafolds the Warrior, a journeyman MfSk of Makhleb (Lair:4)
  A reaper (Crypt:3)
  20 ironbound preservers
  8 draconian annihilators
  7 ironbound thunderhulks
  A cacodemon (D:8)
  8 very ugly things
  A demonspawn blood saint (D:15)
  21 stone giants
  5 eleionomae
  10 formless jellyfish
  10 quicksilver oozes
  2 demonspawn black suns (D:14)
  9 deep elf death magi
  8 green draconians
  3 lorocyprocas
  7 vampire knights
  5 bunyips
  6 deep elf demonologists
  7 red draconians
  11 deep elf annihilators
  3 white draconians
  5 black draconians
  8 yellow draconians
  A war gargoyle (Desolation)
  8 purple draconians
  4 eidola
  12 spark wasps
  13 dire elephants
  A halazid warlock (Desolation)
  Snorg (Orc:2)
  8 deep elf high priests
  A merfolk impaler (Depths:1)
  3 mummy priests
  A quicksilver dragon zombie (Crypt:3)
  A green death (Zot:1)
  10 ettins
  3 entropy weavers
  A merfolk javelineer (Depths:1)
  6 ragged hierophants (Desolation)
  6 fire dragons
  3 jiangshi
  13 great orbs of eyes
  15 yaktaur captains
  2 shambling mangroves
  3 peacekeepers (Desolation)
  7 servants of whispers (Desolation)
  10 ironbound frosthearts
  3 salamander tyrants
  37 vault guards
  7 ice dragons
  19 hydras
  7 rakshasas
  A hell beast (Depths:2)
  2 ghost crabs (Swamp:3)
  A sphinx zombie (WizLab)
  3 death knights
  7 anacondas
  2 jorogumos (Zot:4)
  3 spriggan air magi
  10 alligators
  Erica (D:9)
  5 boulder beetles
  34 dancing weapons
  7 centaur warriors
  15 naga warriors
  4 deep troll shamans
  3 ogre magi
  4 catoblepae
  8 tengu warriors
  3 hell hogs (D:11)
  4 two-headed ogres
  5 orc high priests
  4 spriggan berserkers
  4 deep troll earth magi
  8 vampire magi
  A sun demon (D:2)
  2 occultists
  11 shock serpents
  14 naga sharpshooters
  15 deep elf knights
  A skyshark (Lair:5)
  18 hell knights
  Nergalle (Orc:2)
  An iron troll (Depths:2)
  2 soul eaters
  2 sixfirhies
  16 skeletal warriors
  3 shadow wraiths (Crypt:3)
  3 spriggan druids
  4 salamander mystics
  38 deep trolls
  5 flayed ghosts
  An orange crystal statue (Vaults:1)
  6 sea snakes
  16 bog bodies
  2 shining eyes (shapeshifter)
  6 goliath frogs
  A ghost moth zombie (Crypt:2)
  5 arcanists
  6 naga ritualists
  2 glowing orange brains
  11 mana vipers
  15 swamp dragons
  15 orc knights
  12 ironbound convokers
  11 necromancers
  11 lindwurms
  13 harpies
  9 deep elf archers
  9 phantasmal warriors
  A faun (shapeshifter) (Zot:3)
  22 deep elf zephyrmancers
  A sphinx simulacrum (Vaults:2)
  2 shining eyes
  A wolf spider (shapeshifter) (Zot:4)
  A jorogumo skeleton (Crypt:2)
  A fire giant zombie (WizLab)
  7 manticores
  A frost giant zombie (WizLab)
  29 deep elf pyromancers
  2 will-o-the-wisps
  3 orc sorcerers
  11 ugly things
  14 salamanders
  An iron dragon skeleton (Crypt:2)
  10 guardian serpents
  A rust devil (D:9)
  3 meliai (D:14)
  10 vault sentinels
  18 moths of wrath
  An oklob plant (Lair:2)
  7 cyclopes
  A fire giant skeleton (Vaults:3)
  11 elephants
  A frost giant skeleton (Vaults:2)
  A black mamba (shapeshifter) (D:14)
  An apocalypse crab (Zot:4)
  3 eyes of devastation
  11 naga magi
  7 torpor snails
  42 black mambas
  2 gargoyles (Desolation)
  A water nymph (shapeshifter) (Vaults:2)
  A storm dragon simulacrum (Vaults:4)
  2 human zombies (WizLab)
  3 molten gargoyles (Desolation)
  A cane toad (shapeshifter) (Vaults:1)
  The ghost of rychschax the Insei, a novice GnSh of Wu Jian (D:6)
  A sea snake zombie (Crypt:3)
  A hellion (D:15)
  16 cane toads
  An unseen horror (D:12)
  4 rime drakes
  6 freezing wraiths
  A dire elephant skeleton (Crypt:3)
  An efreet (D:13)
  14 komodo dragons
  A tormentor (D:4)
  A tengu conjurer (D:14)
  2 kobold demonologists (D:12)
  36 yaktaurs
  An ice devil (Depths:3)
  31 guardian mummies
  A sea snake skeleton (Crypt:3)
  8 trolls
  A queen bee (D:14)
  A bloated husk (Swamp:4)
  23 hornets
  A yaktaur skeleton (Vaults:3)
  11 tyrant leeches
  A queen bee (shapeshifter) (D:14)
  2 tarantellas
  2 spectral guardian serpents (Crypt:1)
  A polar bear (Lair:1)
  46 saltlings
  3 dream sheep (Lair:1)
  A hornet (shapeshifter) (Elf:2)
  A radroach zombie (Crypt:2)
  17 blink frogs
  4 glass eyes
  An ettin zombie (WizLab)
  A dream sheep (shapeshifter) (Depths:1)
  A centaur simulacrum (D:14)
  4 air elementals
  120 slime creatures
  16 spriggans
  2 culicivoras
  An elf skeleton (Vaults:3)
  11 water elementals
  2 shadows
  4 wraiths
  A vampire (D:10)
  12 ushabtiu (Crypt:3)
  3 fire elementals
  3 basilisks
  8 golden eyes
  5 wyverns
  39 yaks
  A redback (shapeshifter) (Vaults:5)
  3 wargs (Orc:1)
  17 vampire mosquitoes
  13 redbacks
  Grum (D:11)
  2 steam dragons
  15 swamp worms
  30 nagas
  3 acid dragons
  2 glowing shapeshifter skeletons
  16 water moccasins
  3 glowing shapeshifter zombies
  An ogre skeleton (Vaults:4)
  30 orc warriors
  9 swamp drakes
  A sky beast (D:7)
  4 black bears
  A hornet zombie (Crypt:2)
  A snapping turtle zombie (Crypt:1)
  An ettin simulacrum (Vaults:3)
  4 boggarts (Vaults:1)
  2 ice beasts
  A dream sheep zombie (Crypt:2)
  10 laughing skulls
  28 wolves
  9 ogres
  A lindwurm skeleton (Crypt:1)
  7 centaurs
  A torpor snail zombie (Crypt:3)
  4 phantoms
  2 kobold brigands
  A rime drake skeleton (Crypt:3)
  A yaktaur zombie (Crypt:2)
  14 bullfrogs
  An elf zombie (Crypt:2)
  2 necrophages (Crypt:2)
  2 scorpions (D:6)
  6 earth elementals
  3 gnoll sergeants
  2 komodo dragon skeletons
  A wyvern skeleton (Crypt:2)
  A polar bear zombie (Crypt:3)
  17 wights
  32 killer bees
  A killer bee (shapeshifter) (Zot:4)
  10 howler monkeys
  A yak skeleton (Crypt:1)
  4 electric eels
  A bombardier beetle (D:4)
  5 hounds
  2 jellies
  14 orc priests
  A centaur skeleton (D:10)
  A gnoll bouda (D:5)
  An iguana (D:6)
  A basilisk skeleton (Crypt:2)
  3 sleepcaps
  32 orc wizards
  5 hell rats
  A brain worm zombie (Crypt:1)
  2 crocodile skeletons (Crypt:1)
  An acid dragon skeleton (Crypt:1)
  2 mummies (Crypt:3)
  10 adders
  19 gnolls
  2 howler monkey skeletons (Crypt:1)
  3 shadow imps
  2 white imps (D:5)
  An adder zombie (Crypt:3)
  A ribbon worm (D:2)
  A dart slug (D:1)
  62 orcs
  7 bats
  7 endoplasms
  A giant cockroach (D:2)
  7 goblins
  2 hobgoblins
  4 jackals (D:3)
  3 quokkas
  13 ball pythons
  3 frilled lizards
  A frilled lizard skeleton (Crypt:1)
  10 kobolds
  7 rats
  2 aspiring fleshes (Zot:5)
  A butterfly (Lair:3)
2401 creatures vanquished.

Vanquished Creatures (collateral kills)
  A tentacled monstrosity (Vaults:5)
  A titan (Vaults:5)
  An acid blob (Slime:5)
  Aizul (Snake:4)
  3 nagarajas
  A frost giant (Depths:1)
  A fenstrider witch (Swamp:2)
  An imperial myrmidon (Desolation)
  A vault warden (Vaults:5)
  A draconian stormcaller (Zot:5)
  2 ironbound preservers
  A very ugly thing (D:15)
  A dire elephant (Lair:5)
  2 green draconians
  A purple draconian (Zot:5)
  A red draconian (Zot:1)
  A yellow draconian (Zot:1)
  A spark wasp (Swamp:2)
  A ragged hierophant (Desolation)
  A deep elf high priest (Elf:3)
  A hydra (D:14)
  A peacekeeper (Desolation)
  A salamander tyrant (Snake:4)
  An ironbound frostheart (Vaults:2)
  2 naga warriors
  A spriggan berserker (Depths:2)
  A hell hog (D:11)
  Urug (D:11)
  2 hell knights (Depths:4)
  2 deep trolls
  An arcanist (Vaults:4)
  An orb spider (shapeshifter) (Depths:4)
  A swamp dragon (Swamp:4)
  A glowing orange brain (Depths:2)
  4 naga ritualists
  A goliath frog (Zot:1)
  A lindwurm (Lair:5)
  A tengu zombie (WizLab)
  5 ugly things
  4 salamanders
  A frost giant zombie (WizLab)
  5 moths of wrath
  A demonspawn zombie (WizLab)
  2 elephants (Lair:5)
  3 black mambas
  An efreet (D:14)
  2 yaktaurs (Vaults:5)
  2 guardian mummies (WizLab)
  A tyrant leech (Swamp:3)
  A hornet (Swamp:2)
  6 saltlings (Desolation)
  A dream sheep (Lair:1)
  2 jumping spiders (Zot:1)
  A deep troll zombie (WizLab)
  A spriggan (Swamp:2)
  A water elemental (Depths:1)
  A yak (Lair:1)
  2 vampire mosquitoes (Swamp:2)
  A swamp worm (Swamp:3)
  3 nagas
  A swamp drake (Swamp:4)
  2 aspiring fleshes (Zot:1)
98 creatures vanquished.

Vanquished Creatures (others)
  A tengu reaver (Depths:3)
  A storm dragon (Zot:4)
  A frost giant (Depths:3)
  A stone giant (Depths:4)
  An ice dragon (Depths:4)
  3 anacondas (Snake:2)
  A naga sharpshooter (Snake:2)
  3 hell knights (Depths:4)
  A goliath frog (Swamp:2)
  A swamp dragon (Swamp:4)
  A salamander mystic (Snake:4)
  An arcanist (Vaults:2)
  A deep troll (Depths:2)
  3 deep elf pyromancers (Elf:1)
  An ugly thing (Depths:2)
  A salamander (Snake:3)
  A vault sentinel (Vaults:1)
  A naga mage (Snake:3)
  A bloated husk (Swamp:2)
  A polar bear (shapeshifter) (Elf:2)
  A spriggan (Swamp:2)
  A vampire mosquito (Swamp:2)
  2 nagas
  A howler monkey (D:8)
  A gnoll (D:8)
32 creatures vanquished.

Grand Total: 2531 creatures vanquished

Notes
Turn   | Place    | Note
-------+----------+-------------------------------------------
     0 | D:1      | Chimkentus the Troll Monk began the quest for the Orb.
     0 | D:1      | Reached XP level 1. HP: 22/22 MP: 0/0
   106 | D:1      | Reached XP level 2. HP: 26/29 MP: 1/1
   886 | D:2      | Reached XP level 3. HP: 34/36 MP: 2/2
  1608 | D:3      | You fall into a shaft and drop 3 floors!
  1619 | D:6      | Reached XP level 4. HP: 45/45 MP: 3/3
  1619 | D:6      | Noticed a bullfrog
  1628 | D:6      | Noticed a scorpion
  1630 | D:6      | Killed a bullfrog
  1631 | D:6      | Reached skill level 1 in Throwing
  1631 | D:6      | Reached XP level 5. HP: 34/53 MP: 4/4
  1642 | D:6      | Noticed a phantom
  1670 | D:6      | Found an iron altar of Okawaru.
  1682 | D:6      | Killed a phantom
  1683 | D:6      | Reached skill level 5 in Unarmed Combat
  1683 | D:6      | Reached XP level 6. HP: 61/61 MP: 5/5
  1720 | D:6      | Found a sparkling altar of Nemelex Xobeh.
  1873 | D:6      | Noticed an ice beast
  1947 | D:6      | Killed an ice beast
  1955 | D:6      | Reached XP level 7. HP: 68/68 MP: 6/6
  2145 | D:6      | Found a runed translucent door.
  2292 | D:6      | Noticed rychschax's ghost (novice GnSh)
  2518 | D:5      | Entered Level 5 of the Dungeon
  2705 | D:5      | Reached XP level 8. HP: 78/78 MP: 7/7
  3018 | D:5      | Found a staircase to the Ecumenical Temple.
  3030 | Temple   | Entered the Ecumenical Temple
  3042 | Temple   | Became a worshipper of Qazlal Stormbringer
  3042 | Temple   | Reached * piety under Qazlal
  3042 | Temple   | Reached ** piety under Qazlal
  3104 | D:5      | Reached skill level 1 in Stealth
  3676 | D:4      | Reached skill level 1 in Invocations
  4422 | D:3      | Found a faded altar of an unknown god.
  4775 | D:6      | Killed rychschax's ghost
  4776 | D:6      | Reached XP level 9. HP: 62/87 MP: 9/9
  4949 | D:7      | Reached skill level 5 in Fighting
  5028 | D:7      | Found a glowing silver altar of Zin.
  5592 | D:8      | Reached *** piety under Qazlal
  5834 | D:8      | Noticed a lindwurm
  5865 | D:8      | Reached skill level 1 in Evocations
  5869 | D:8      | Reached skill level 5 in Throwing
  5874 | D:8      | Noticed a lindwurm
  5877 | D:8      | Noticed a lindwurm
  5878 | D:8      | Noticed a lindwurm
  5893 | D:8      | Killed a lindwurm
  5894 | D:8      | Reached skill level 10 in Unarmed Combat
  5894 | D:8      | Reached XP level 10. HP: 37/97 MP: 11/11
  5894 | D:8      | Killed a lindwurm
  5894 | D:8      | Reached **** piety under Qazlal
  5894 | D:8      | Killed a lindwurm
  5895 | D:8      | Reached skill level 5 in Dodging
  5897 | D:8      | Killed a lindwurm
  5958 | D:8      | Noticed a two-headed ogre
  5969 | D:8      | Killed a two-headed ogre
  6264 | D:8      | Gained mutation: You are partially covered in iridescent
                  | scales. (AC +2) [potion of mutation]
  6264 | D:8      | Gained mutation: You have sharp toenails. [potion of
                  | mutation]
  6391 | D:9      | Found a staircase to the Orcish Mines.
  6707 | D:9      | Noticed Erica
  6714 | D:9      | Killed Erica
  6715 | D:9      | Reached XP level 11. HP: 51/105 MP: 13/13
  7245 | D:10     | Entered Level 10 of the Dungeon
  7314 | D:10     | Reached skill level 5 in Invocations
  7490 | D:10     | Found a transporter.
  7493 | D:10     | Noticed a skeletal warrior
  7555 | D:10     | Found Kenuluhe's Book Emporium.
  7641 | D:10     | Found Irelad's Armour Shop.
  7661 | D:10     | Bought a +2 kite shield for 214 gold pieces
  7692 | D:10     | Found Vyru's Book Shop.
  7724 | D:10     | Found a transporter.
  7724 | D:10     | Found a basalt altar of Yredelemnul.
  7726 | D:10     | Noticed a flayed ghost
  7728 | D:10     | Found an ancient bone altar of Kikubaaqudgha.
  7809 | D:10     | Found a broken altar of Ashenzari.
  8032 | D:8      | Identified the +1 plate armour of Vayrphab {*Slow Dex+4}
  8175 | D:11     | Noticed Urug
  8237 | D:11     | Noticed a two-headed ogre
  8243 | D:11     | Killed a two-headed ogre
  8244 | D:11     | Reached skill level 1 in Armour
  8255 | D:11     | Noticed Grum
  8262 | D:11     | Killed Grum
  8276 | D:11     | Noticed a two-headed ogre
  8281 | D:11     | Killed a two-headed ogre
  8374 | D:11     | Reached ***** piety under Qazlal
  8456 | D:11     | Found a staircase to the Lair.
  8481 | D:11     | Killed Urug
  8832 | D:11     | Found a white marble altar of Elyvilon.
  8956 | Lair:1   | Entered Level 1 of the Lair of Beasts
  9079 | Lair:1   | Reached XP level 12. HP: 102/118 MP: 15/15
  9084 | Lair:1   | Reached skill level 1 in Shields
 10011 | Lair:2   | Noticed a boulder beetle
 10023 | Lair:2   | Killed a boulder beetle
 10168 | Lair:2   | Reached XP level 13. HP: 127/127 MP: 17/17
 10211 | Lair:2   | Found a glowing golden altar of the Shining One.
 11048 | Lair:3   | Found a staircase to the Snake Pit.
 11406 | Lair:3   | Found a staircase to the Swamp.
 11758 | Snake:1  | Entered Level 1 of the Snake Pit
 12295 | Lair:4   | You fall into a shaft and drop 1 floor!
 12295 | Lair:5   | Entered Level 5 of the Lair of Beasts
 12316 | Lair:5   | Reached skill level 5 in Shields
 12351 | Lair:5   | Found a white marble altar of Elyvilon.
 12415 | Lair:4   | Found a runed translucent door.
 12415 | Lair:4   | Noticed Bananafolds's ghost (journeyman MfSk)
 12614 | Lair:4   | Found a viscous altar of Jiyva.
 12615 | Lair:4   | Found a staircase to the Slime Pits.
 12957 | Lair:4   | Reached ****** piety under Qazlal
 13207 | Lair:5   | Reached XP level 14. HP: 136/137 MP: 19/19
 14356 | Orc:1    | Entered Level 1 of the Orcish Mines
 14475 | Orc:2    | Entered Level 2 of the Orcish Mines
 14492 | Orc:2    | Noticed Snorg
 14531 | Orc:2    | Killed Snorg
 14625 | Orc:2    | Noticed Nergalle
 14632 | Orc:2    | Killed Nergalle
 14807 | Orc:1    | Found Laogaaff's Antique Armour Emporium.
 14991 | Orc:2    | Noticed an orc warlord
 15012 | Orc:2    | Killed an orc warlord
 15128 | Orc:2    | Found Mifuffic's General Store.
 15207 | Orc:2    | Found a staircase to the Elven Halls.
 15244 | Orc:2    | Found Ciylubue's Book Shoppe.
 15423 | Orc:2    | Found Myplo's Antique Weapon Shoppe.
 15438 | Orc:2    | Found Fobooxam's Antique Armour Shoppe.
 15687 | Orc:2    | Bought a hat for 124 gold pieces
 15692 | Orc:2    | Learned a level 3 spell: Swiftness
 15692 | Orc:2    | Bought quicksilver dragon scales for 1860 gold pieces
 16076 | D:12     | Reached skill level 15 in Unarmed Combat
 16407 | D:12     | Reached XP level 15. HP: 43/148 MP: 21/21
 16662 | D:13     | Reached skill level 5 in Armour
 16821 | D:13     | Reached skill level 10 in Throwing
 17510 | D:14     | Found a gate to the Vaults.
 18407 | D:15     | Entered Level 15 of the Dungeon
 18548 | D:15     | Reached skill level 10 in Fighting
 18628 | D:15     | Found a blossoming altar of Fedhas.
 18993 | D:15     | Noticed Jorgrun
 19008 | D:15     | Killed Jorgrun
 19009 | D:15     | Reached skill level 10 in Invocations
 19220 | D:15     | Found a staircase to the Depths.
 19480 | Swamp:1  | Entered Level 1 of the Swamp
 19481 | Swamp:1  | Upgraded the game from 0.31.0 to 0.31.0-9-g3a7656b989
 19613 | Swamp:1  | You fall into a shaft and drop 1 floor!
 19613 | Swamp:2  | Noticed a fenstrider witch
 19626 | Swamp:2  | Killed a fenstrider witch
 19942 | Swamp:1  | Reached XP level 16. HP: 159/159 MP: 22/22
 21196 | Swamp:3  | Noticed Mara
 21515 | Swamp:3  | Noticed Chimkentus's illusion
 21519 | Swamp:3  | Killed Mara
 21788 | Swamp:4  | Entered Level 4 of the Swamp
 22004 | Swamp:4  | Noticed a tentacled monstrosity
 22292 | Swamp:4  | Noticed the 27-headed Lernaean hydra
 22313 | Swamp:3  | Killed the 27-headed Lernaean hydra
 22606 | Swamp:4  | Killed a tentacled monstrosity
 22607 | Swamp:4  | Reached XP level 17. HP: 170/170 MP: 24/24
 22963 | Swamp:4  | Got a decaying rune of Zot
 23430 | D:11     | Learned a level 2 spell: Blink
 23854 | Snake:1  | Reached skill level 10 in Shields
 27307 | Snake:4  | Entered Level 4 of the Snake Pit
 27565 | Snake:4  | Identified the serpent talisman of Saxku {rC+ rN+ Int+3}
 27565 | Snake:4  | Noticed Aizul
 27903 | Snake:4  | Reached XP level 18. HP: 176/182 MP: 26/26
 28854 | Snake:4  | Killed Aizul
 30379 | Snake:4  | Got a serpentine rune of Zot
 30668 | Lair:4   | Killed Bananafolds's ghost
 30944 | Vaults:1 | Entered Level 1 of the Vaults
 31654 | Vaults:1 | Reached XP level 19. HP: 191/191 MP: 18/27
 32358 | Vaults:1 | Found a transporter.
 32550 | Vaults:1 | Found a transporter.
 32967 | Vaults:2 | Reached skill level 15 in Throwing
 34444 | Vaults:2 | Found Rebeweuh's Assorted Antiques.
 34449 | Vaults:2 | Bought the +5 Storm Queen's Shield {shock, Fly rElec} for
                  | 1322 gold pieces
 34449 | Vaults:2 | Found the +5 Storm Queen's Shield {shock, Fly rElec}
 34449 | Vaults:2 | Bought a potion of heal wounds for 145 gold pieces
 34449 | Vaults:2 | Bought a potion of heal wounds for 145 gold pieces
 35070 | Vaults:3 | Reached XP level 20. HP: 202/202 MP: 29/29
 35530 | Vaults:3 | Noticed Saint Roka
 35549 | Vaults:3 | Killed Saint Roka
 35840 | Vaults:3 | Found a staircase to the Crypt.
 36187 | Vaults:4 | Found a magical portal.
 36203 | WizLab   | Entered Doroklohe's Tomb
 36432 | WizLab   | Noticed a dread lich
 36444 | WizLab   | Killed a dread lich
 36861 | Vaults:4 | Reached skill level 10 in Dodging
 37600 | Vaults:4 | Identified the amulet "Allev" {Acrobat *Corrode rPois Str-2
                  | Int+7}
 38138 | Orc:2    | Bought a potion of haste for 140 gold pieces
 38138 | Orc:2    | Bought a scroll of fear for 56 gold pieces
 38171 | Orc:2    | Learned a level 1 spell: Apportation
 38172 | Elf:1    | Entered Level 1 of the Elven Halls
 38579 | Elf:1    | Reached XP level 21. HP: 211/211 MP: 30/30
 38656 | Elf:1    | You are sucked into a shaft and drop 1 floor!
 38656 | Elf:2    | Found a runed translucent gate.
 38656 | Elf:2    | Found a runed translucent gate.
 38656 | Elf:2    | Found a runed translucent gate.
 38695 | Elf:2    | Found Awockor's Assorted Antiques.
 38702 | Elf:2    | Bought a potion of curing for 84 gold pieces
 38780 | Elf:2    | Found a crumbling gateway.
 38786 | Desolati | Entered the Desolation of Salt
 38823 | Desolati | HP: 10/213 [saltling (6)]
 39091 | Desolati | Got the Verses on Crystalline Orientation
 39097 | Desolati | Got the Omnibus of Unhallowed Words and Graupel
 39103 | Desolati | Identified the ring "Rotepil" {rF+ rN+++ Str-3 Dex-2
                  | Stlth+}
 39108 | Desolati | Identified the +8 great mace of Gluttony {antimagic, rN+++
                  | Str+3 Int-3}
 39401 | Desolati | Found the +9 sword of Zonguldrok {reap}
 39409 | Desolati | Got Sif Muna's Compendium of Tinctures
 39414 | Desolati | Got the Papyrus of Cold and Conflagration
 39495 | Desolati | Got the Volume of Phantasms and Freezing
 39905 | Elf:2    | Paralysed by an air elemental for 1 turns
 40255 | Elf:3    | Entered Level 3 of the Elven Halls
 40399 | Elf:3    | Paralysed by an air elemental for 1 turns
 40419 | Elf:3    | Found Zubyiross's Armour Shoppe.
 40421 | Elf:3    | Found Suseocutesu's Weapon Emporium.
 40427 | Elf:3    | Found Esho's Antique Weapon Shoppe.
 40607 | Elf:3    | Got Fanuul's Notes on Cleavage
 40619 | Elf:3    | Paralysed by an air elemental for 1 turns
 40857 | Elf:3    | Found Veleig's Assorted Antiques.
 40874 | Elf:3    | Bought a scroll of fog for 152 gold pieces
 40874 | Elf:3    | Bought a potion of heal wounds for 190 gold pieces
 40874 | Elf:3    | Bought a scroll of blinking for 285 gold pieces
 40874 | Elf:3    | Bought a scroll of teleportation for 114 gold pieces
 41109 | Elf:3    | Identified the +4 falchion of Ambiguity {drain, rC- Str+5
                  | Int+3}
 41109 | Elf:3    | Identified the ring of Xagia {Ice rElec rCorr Str-2 Int+4}
 41213 | Elf:3    | Identified the +1 quarterstaff "Tuugg" {freeze, Fly rCorr
                  | Str-2 Dex+6}
 41220 | Elf:3    | Identified the +8 chain mail of Qoubin {+Inv}
 41220 | Elf:3    | Identified the amulet "Feoff" {Reflect rC- Dex+4 SH+5 SInv}
 41366 | Elf:3    | Identified the ring "Irojuo" {rF++ rC++ Int+6}
 41368 | Elf:3    | Identified the +3 flail "Beast's Peril" {flame, Dex+2}
 41594 | Elf:3    | Found the +3 pair of mountain boots {steadfast, rC+}
 41607 | Elf:3    | Identified the +2 sling of the Trees {elec, ^Fragile rC+
                  | rN+ SInv}
 41627 | Elf:3    | Identified the +1 quick blade of the Hurling Gods {heavy,
                  | rC+ Int+3}
 41784 | Elf:3    | Upgraded the game from 0.31.0-9-g3a7656b989 to
                  | 0.31.0-11-ge490571c62
 41932 | Elf:2    | Reached XP level 22. HP: 223/223 MP: 30/32
 42268 | Elf:2    | Reached skill level 1 in Translocations
 42780 | Crypt:1  | Entered Level 1 of the Crypt
 42859 | Crypt:1  | Noticed Zenata
 42879 | Crypt:1  | Killed Zenata
 42901 | Crypt:1  | Noticed Sojobo
 42923 | Crypt:1  | Reached skill level 5 in Evocations
 43436 | Vaults:3 | Paralysed by an air elemental for 1 turns
 43440 | Vaults:3 | Killed Sojobo
 43481 | Vaults:3 | Reached skill level 1 in Spellcasting
 43690 | Crypt:1  | Noticed Margery
 43696 | Crypt:1  | Killed Margery
 44388 | Crypt:2  | Reached skill level 15 in Invocations
 45364 | Crypt:3  | Entered Level 3 of the Crypt
 46232 | Crypt:3  | Found a staircase to the Tomb.
 46428 | Crypt:3  | Identified the ring "Jampahek" {rPois rC+ rCorr Int-2}
 46457 | Crypt:3  | Identified the +0 glaive of Purpose {vamp, rCorr Int+3}
 46564 | Crypt:3  | Got the Directory of the Grave
 46725 | Crypt:3  | Noticed a royal mummy
 46734 | Crypt:3  | Killed a royal mummy
 47261 | Crypt:3  | Got Jevikh's Spellbook of the Miller
 47680 | Slime:1  | Entered Level 1 of the Pits of Slime
 47783 | Slime:2  | Gained mutation: You occasionally shout uncontrollably at
                  | your foes. [a shining eye]
 47822 | Slime:1  | Reached XP level 23. HP: 145/234 MP: 22/33
 47888 | Slime:2  | Paralysed by a formless jellyfish for 1 turns
 47985 | Slime:3  | Gained mutation: You sometimes lose your temper in combat.
                  | [a shining eye]
 47994 | Slime:2  | Lost mutation: You are partially covered in iridescent
                  | scales. (AC +2) [potion of mutation]
 47994 | Slime:2  | Lost mutation: You occasionally shout uncontrollably at
                  | your foes. [potion of mutation]
 47994 | Slime:2  | Lost mutation: You have sharp toenails. [potion of
                  | mutation]
 47994 | Slime:2  | Lost mutation: You sometimes lose your temper in combat.
                  | [potion of mutation]
 47994 | Slime:2  | Gained mutation: You are agile. (Dex +4, Str/Int -1)
                  | [potion of mutation]
 48061 | Slime:4  | Reached skill level 15 in Fighting
 48107 | Slime:5  | Entered Level 5 of the Pits of Slime
 48314 | Slime:5  | Noticed the Royal Jelly
 48328 | Slime:5  | Killed the Royal Jelly
 48848 | Slime:5  | Identified the +2 spear "Vyhoishra" {vamp, Will+}
 48861 | Slime:5  | Identified the ring "Reskink Sisu" {rElec MP+9 Int+2}
 48902 | Slime:5  | Identified the +8 scimitar of the Owl {pain, rCorr Str-5
                  | Int+3}
 49266 | Slime:5  | Identified the +3 falchion of Wondrous Power {chaos, rF+
                  | Str+3}
 49287 | Slime:5  | Got the Anthology of Beguiling Congelation
 49293 | Slime:5  | Got a slimy rune of Zot
 50392 | Depths:1 | Entered Level 1 of the Depths
 50434 | Depths:1 | Found a one-way gateway to a ziggurat.
 50716 | Depths:1 | Found a gateway to Hell.
 50936 | Depths:1 | Identified the +3 robe "Luedel" {rCorr}
 51021 | Depths:1 | Identified the ring "Gafek" {Will+++ rCorr Int+4 Dex+3
                  | Stlth-}
 51339 | Depths:2 | Reached skill level 10 in Armour
 51400 | Depths:2 | Noticed Bai Suzhen
 51414 | Depths:2 | Killed Bai Suzhen
 51475 | Depths:2 | Noticed Boris
 51481 | Depths:2 | Killed Boris
 51609 | Depths:2 | Identified the +11 battleaxe of Leolol {heavy, rPois}
 52120 | Depths:2 | Found a one-way gate leading to the halls of Pandemonium.
 52177 | Depths:2 | Reached XP level 24. HP: 245/245 MP: 34/34
 52226 | Depths:2 | Gained mutation: Your magical capacity is low. (-10% MP) [a
                  | shining eye]
 52542 | Depths:3 | Found a glowing golden altar of the Shining One.
 52674 | Depths:3 | Noticed Boris
 52685 | Depths:3 | Killed Boris
 52914 | Depths:3 | Found a shadowy altar of Dithmenos.
 53164 | Depths:3 | Found a one-way gate to the infinite horrors of the Abyss.
 53376 | Depths:4 | Entered Level 4 of the Depths
 53803 | Depths:4 | Identified the +4 scale mail of a wizard's laboratory
                  | {Int+2}
 54238 | Depths:4 | Found a gate to the Realm of Zot.
 54712 | Vaults:5 | Entered Level 5 of the Vaults
 54742 | Vaults:5 | Noticed a dread lich
 54750 | Vaults:5 | Noticed a dread lich
 54750 | Vaults:5 | Noticed Boris
 54778 | Vaults:5 | Killed a dread lich
 54781 | Vaults:5 | Noticed a dread lich
 54785 | Vaults:5 | Killed Boris
 54830 | Vaults:5 | Killed a dread lich
 54972 | Vaults:5 | Killed a dread lich
 55009 | Vaults:5 | Reached XP level 25. HP: 254/255 MP: 31/31
 55065 | Vaults:5 | Identified the +8 glaive "Troll's Regret" {venom, rC++
                  | Dex+3}
 55380 | Vaults:5 | Identified the staff "Uskex" {rPois Str+3 Int-4 Dex+6 Necro
                  | Alchemy}
 55388 | Vaults:5 | Got the Excursus on Topography and Calling
 55450 | Vaults:5 | Identified the +5 scimitar of Ruination {vamp, *Noise
                  | Dex+6}
 55534 | Vaults:5 | Noticed an ancient lich
 55542 | Vaults:5 | Killed an ancient lich
 55694 | Vaults:5 | Identified the +5 glaive of the Hurling Madman {speed,
                  | Dex+3}
 55700 | Vaults:5 | Identified the ring of Ocwifudu {rPois rF+ rN+ Will+ Dex-4}
 55988 | Vaults:5 | Noticed an ancient lich
 55992 | Vaults:5 | Killed an ancient lich
 56115 | Vaults:5 | Got a silver rune of Zot
 57040 | Zot:1    | Entered Level 1 of the Realm of Zot
 59420 | Zot:3    | Reached XP level 26. HP: 267/267 MP: 32/32
 59570 | Zot:3    | Identified the staff of the Ancient Allies {^Drain rF+
                  | Dex+9 Stlth- Fire}
 60052 | Zot:3    | You are sucked into a shaft and drop 1 floor!
 60836 | Zot:4    | Found a huge runed translucent gate.
 60836 | Zot:4    | Found a huge runed translucent gate.
 60836 | Zot:4    | Found a huge runed translucent gate.
 60836 | Zot:4    | Found a huge runed translucent gate.
 60836 | Zot:4    | Found a huge runed translucent gate.
 60836 | Zot:4    | Found a huge runed translucent gate.
 60836 | Zot:4    | Found a huge runed translucent gate.
 60836 | Zot:4    | Found a huge runed translucent gate.
 60836 | Zot:4    | Found a huge runed translucent gate.
 60836 | Zot:4    | Found a huge runed translucent gate.
 60836 | Zot:4    | Found a huge runed translucent gate.
 60836 | Zot:4    | Found a huge runed translucent gate.
 60837 | Zot:4    | Found a huge runed translucent gate.
 60837 | Zot:4    | Found a huge runed translucent gate.
 60837 | Zot:4    | Found a huge runed translucent gate.
 61130 | Zot:4    | Found a huge runed translucent gate.
 61132 | Zot:4    | Found a huge runed translucent gate.
 61133 | Zot:4    | Found a huge runed translucent gate.
 61135 | Zot:4    | Found a huge runed translucent gate.
 61137 | Zot:4    | Found a huge runed translucent gate.
 61137 | Zot:4    | Found a huge runed translucent gate.
 61150 | Zot:4    | Found a huge runed translucent gate.
 61150 | Zot:4    | Found a huge runed translucent gate.
 61151 | Zot:4    | Found a huge runed translucent gate.
 61152 | Zot:4    | Found a huge runed translucent gate.
 61266 | Zot:4    | Found a transporter.
 61267 | Zot:4    | Noticed an orb of fire
 61285 | Zot:4    | Identified the ring "Wami" {Fly rN++ Will+ Str-2 Int+2}
 61285 | Zot:4    | Noticed runemage's ghost (legendary GnFi)
 61285 | Zot:4    | Identified the ring "Onatsiup" {*Slow rF+ Str+6 Int+6}
 61294 | Zot:4    | Found a transporter.
 61428 | Zot:4    | Noticed hernaldog's ghost (veteran MiBe)
 61599 | Zot:4    | Found a huge runed translucent gate.
 61600 | Zot:4    | Found a huge runed translucent gate.
 61600 | Zot:4    | Found a huge runed translucent gate.
 61600 | Zot:4    | Found a huge runed translucent gate.
 61600 | Zot:4    | Found a huge runed translucent gate.
 61613 | Zot:4    | Found a huge runed translucent gate.
 61614 | Zot:4    | Found a huge runed translucent gate.
 61615 | Zot:4    | Found a huge runed translucent gate.
 61615 | Zot:4    | Found a huge runed translucent gate.
 61619 | Zot:4    | Found a huge runed translucent gate.
 61620 | Zot:4    | Found a huge runed translucent gate.
 61978 | Zot:4    | Identified the ring "Taum" {Will+ Str+3 Stlth+}
 62072 | Zot:5    | Entered Level 5 of the Realm of Zot
 62100 | Zot:5    | Reached skill level 15 in Armour
 62817 | Zot:5    | Upgraded the game from 0.31.0-11-ge490571c62 to
                  | 0.31.0-32-g396128a36d
 62817 | Zot:5    | Lost mutation: Your magical capacity is low. (-10% MP)
                  | [potion of mutation]
 62817 | Zot:5    | Lost mutation: You are agile. (Dex +4, Str/Int -1) [potion
                  | of mutation]
 62817 | Zot:5    | Gained mutation: You are agile. (Dex +4, Str/Int -1)
                  | [potion of mutation]
 62817 | Zot:5    | Gained mutation: Potions are less effective at restoring
                  | your health. [potion of mutation]
 62817 | Zot:5    | Gained mutation: You expend magic power (3 MP) to
                  | strengthen your wands. [potion of mutation]
 62861 | Zot:5    | Noticed an ancient lich
 62867 | Zot:5    | Noticed an ancient lich
 62870 | Zot:5    | Killed an ancient lich
 62877 | Zot:5    | Killed an ancient lich
 62936 | Zot:5    | Noticed an ancient lich
 62942 | Zot:5    | Noticed an ancient lich
 62945 | Zot:5    | Killed an ancient lich
 62951 | Zot:5    | Killed an ancient lich
 63168 | Zot:5    | Noticed a dread lich
 63173 | Zot:5    | Noticed an orb of fire
 63193 | Zot:5    | Killed a dread lich
 63194 | Zot:5    | Gained mutation: You are dopey. (Int -2) [an orb of fire]
 63196 | Zot:5    | Killed an orb of fire
 63207 | Zot:5    | Reached XP level 27. HP: 192/276 MP: 21/36
 63301 | Zot:5    | Noticed a dread lich
 63312 | Zot:5    | Killed a dread lich
 63406 | Zot:5    | Noticed an orb of fire
 63413 | Zot:5    | Noticed a dread lich
 63415 | Zot:5    | Gained mutation: You occasionally lose the ability to drink
                  | potions when taking damage. [an orb of fire]
 63422 | Zot:5    | Noticed a dread lich
 63426 | Zot:5    | Killed a dread lich
 63637 | Zot:5    | Lost mutation: You are dopey. (Int -2) [potion of mutation]
 63637 | Zot:5    | Lost mutation: Potions are less effective at restoring your
                  | health. [potion of mutation]
 63637 | Zot:5    | Lost mutation: You are agile. (Dex +4, Str/Int -1) [potion
                  | of mutation]
 63637 | Zot:5    | Gained mutation: Your system is resistant to poisons.
                  | (rPois) [potion of mutation]
 63638 | Zot:5    | Lost mutation: Your system is resistant to poisons. (rPois)
                  | [potion of mutation]
 63638 | Zot:5    | Lost mutation: You expend magic power (3 MP) to strengthen
                  | your wands. [potion of mutation]
 63638 | Zot:5    | Gained mutation: You expend magic power (3 MP) to
                  | strengthen your wands. [potion of mutation]
 63638 | Zot:5    | Gained mutation: You have sharp toenails. [potion of
                  | mutation]
 63639 | Zot:5    | Got the Orb of Zot
 63850 | Depths:3 | Noticed Veug the pandemonium lord
 63868 | Depths:3 | Killed Veug the pandemonium lord
 64353 | D:$      | Escaped with the Orb!

Illustrated notes

Levels and vault maps discovered:
D:1:      reono_arrival_forest_river, layout_loops_ring, chequers_garden,
          minmay_door_square
D:2:      layout_basic
D:3:      layout_loops_cross, dreamdust_ecumenical_altar_angels_and_demons,
          wander_ebering_terrifying_dragon_lair
D:4:      layout_loops_cross, minmay_misc_feat_x
D:5:      layout_loops_ring, minmay_temple_entry_gardened_gates,
          kennysheep_generic_room_2
D:6:      layout_loops_ring, lemuel_round_altar,
          nemelex_xobeh_ov_fountains_minmay, ebering_ghost_sewer_d,
          minmay_fractal_squares_5
D:7:      layout_loops_cross, zin_academy
D:8:      layout_cave_pools, minmay_lindwurm_lava
D:9:      layout_stronghold, orc_0_dummy, minivault_25, uniq_erica
D:10:     layout_rooms, gammafunk_temple_of_torment,
          mainiacjoe_overflow_alcove_2, serial_shops, nicolae_shop_hallway_plus,
          nicolae_book_shop_shelving, nicolae_book_shop_shelving
D:11:     layout_irregular_city, lair_entry_dummy, nicolae_elyvilon_temple_path,
          uniq_grum, uniq_urug
D:12:     layout_roguey
D:13:     layout_basic
D:14:     layout_loops_corners, skrybe_vaults_entry_preservation,
          minmay_misc_feat_enclosed, special_room [special_room_bee]
D:15:     hangedman_depths_entry_try_elsewhere_first, layout_grid_maze,
          minmay_misc_feat_tiny, fedhas_altar_3, uniq_jorgrun
Temple:   nicolae_temple_superstar
Lair:1:   layout_hall_layers, st_stairs_6, beast_lair_carwin_10,
          grunt_megastairs_4, lemuel_fruit_tree, infiniplex_staircase_pool
Lair:2:   layout_chaotic_city, lemuel_oklob_altar
Lair:3:   layout_concentric_octagons, nicolae_swamp_entry_splash_gauntlet,
          dummy_snake_entry, lemuel_fruit_fields, serial_bayou_shore_b
Lair:4:   layout_cellular_growth, slime_entry_2, ebering_ghost_inner_flame
Lair:5:   wormcave, layout_cave_pods, hangedman_lair_in_review, basic_altar,
          st_stairs_4
Swamp:1:  layout_basic_swamp, evilmike_swamp_ruin_house_4, swamp_pool_5
Swamp:2:  layout_falls_marsh, evilmike_swamp_ruin_house_2, swamp_pool_1_2,
          nicolae_swamp_catching_bugs
Swamp:3:  layout_basic_swamp, hangedman_swamp_ruin_hall,
          nicolae_swamp_triple_paths, swamp_pool_4, uniq_mara
Swamp:4:  swamp_old_school, layout_basic_swamp, nicolae_swamp_stuck_in_the_mud
Snake:1:  layout_layer_cave, serial_bayou_shore_b, nicolae_integral_box
Snake:2:  layout_misc_corridors, special_room, grunt_megastairs_1
Snake:3:  layout_layer_cave
Snake:4:  grunt_snake_rune_spirals, layout_concentric_octagons,
          serial_bayou_lagoon_b, uniq_aizul
Slime:1:  layout_caves
Slime:2:  layout_caves
Slime:3:  layout_caves
Slime:4:  layout_caves
Slime:5:  slime_pit_nicolae_block_by_block
Orc:1:    layout_caves, basic_altar, serial_shops, shop
Orc:2:    grunt_orc_cross, layout_caves, uniq_snorg
Elf:1:    layout_rooms, hangedman_elven_crosses_minicolossus
Elf:2:    nicolae_elf_blades_crystal_corner, layout_geoelf_octagon,
          portal_desolation_entry_salt, serial_shops, shop, glass_columns_a,
          drop_trap
Elf:3:    minmay_elf_hall_curves, layout_loops_ring, serial_shops, shop,
          minmay_shop_star
Vaults:1: v_misc_28, gammafunk_sealed_arena, ontoclasm_vaults_pinch,
          hangedman_vaults_locks, nicolae_vaults_trapezoid_lopsided_1,
          v_alt_pattern_3, nicolae_vaults_frosty_reception,
          nicolae_vaults_yaktaur_gun_rack, ontoclasm_vaults_ligature, v_misc_27,
          v_misc_2, layout_vaults_chaotic_city
Vaults:2: nicolae_vaults_apartment_1, nicolae_vaults_network_quinsquares
          [nicolae_vaults_network_quincunx_subvault,
          nicolae_vaults_network_quincunx_subvault,
          nicolae_vaults_network_quincunx_subvault,
          nicolae_vaults_network_quincunx_subvault],
          nicolae_vaults_storage_room_glass, nicolae_vaults_mitosis,
          nicolae_vaults_surprise_closet, vaults_room_fancy_cross,
          nicolae_vaults_c_with_doors, nicolae_vaults_prndl,
          nicolae_vaults_closet_pinwheel_4, nicolae_vaults_stairing_the_circle,
          grunt_vaults_swirl, layout_vaults_omnicross, serial_shops,
          nicolae_shop_real_fake_doors
Vaults:3: nicolae_vaults_stepped_doors, v_pattern_5,
          nicolae_vaults_trapezoid_lopsided_2, hangedman_vaults_nails,
          v_misc_12, nicolae_vaults_tetromino_Z_2, vaults_room_pool,
          grunt_vaults_diagonal, nicolae_vaults_surprise_closet,
          minmay_crypt_entry_simple_box, layout_vaults_quadrants,
          uniq_saint_roka
Vaults:4: infiniplex_enter_wizlab_glasses, nicolae_vaults_heist,
          v_alt_pattern_6, v_misc_28, nicolae_vaults_network_quincunx
          [nicolae_vaults_network_quincunx_subvault,
          nicolae_vaults_network_quincunx_subvault,
          nicolae_vaults_network_quincunx_subvault,
          nicolae_vaults_network_quincunx_subvault,
          nicolae_vaults_network_quincunx_subvault], nicolae_vaults_house_2,
          hangedman_vaults_trim, nicolae_vaults_network_periphery,
          vaults_room_semicircle, layout_vaults_maze_snakey
Vaults:5: serial_shops
Crypt:1:  layout_rooms, serial_library_hellmonk_long_bookcase,
          nrook_guardian_serpent_ordinary, uniq_zenata, uniq_sojobo,
          uniq_margery
Crypt:2:  layout_catacombs
Crypt:3:  due_elkab, layout_chaotic_city
Depths:1: layout_cave_pools, enter_ziggurat_d, hell_entry, serial_bayou_pond_d,
          kilobyte_mutagenic_chamber
Depths:2: minmay_quarter_circles, layout_long_grid, pf_hell_entry_tar_spiral,
          grunt_pan_entry_zigzag, uniq_bai_suzhen, uniq_boris
Depths:3: kennysheep_ambush_hall, layout_honeycomb, hell_entry,
          abyss_entry_crystal, pan_entry,
          nicolae_dithmenos_through_a_glass_darkly, tso_oasis_becter,
          infiniplex_staircase_diamond
Depths:4: evilmike_zot_entry_round, layout_cave_pools, grunt_decor_resistance,
          hell_entry
Zot:1:    layout_onion, grunt_megastairs_2
Zot:2:    layout_concentric_octagons, grunt_megastairs_3
Zot:3:    layout_twisted_circle
Zot:4:    layout_concentric_octagons, nzn_ghost_randoct, not_door_vault_due
Zot:5:    layout_gridlike, nicolae_lava_and_water

Skill      XL: |  1  2  3  4  5  6  7  8  9 10 11 12 13 14 15 16 17 18 19 20 21 22 23 24 25 26 27 |
---------------+----------------------------------------------------------------------------------+-----
Fighting       | 3 4 5 6 7 8 9 10 11 12 13 14 15 16 17 | 17.2
Unarmed Combat | 4 5 7 8 10 11 12 13 14 15 16 17 19 20 21 | 21.5
Throwing       | 1 2 3 4 5 6 7 8 9 10 11 12 14 15 16 18 19 20 | 20.0
Dodging        | 3 4 5 6 7 8 9 10 11 12 13 | 13.0
Stealth        | 1 2 3 |  3.1
Invocations    | 1 3 4 5 6 8 9 10 11 12 13 14 15 16 18 20 21 | 21.4
Evocations     | 1 2 3 4 5 6 7 8 |  8.8
Armour         | 2 3 4 6 7 8 9 10 11 13 15 16 | 16.1
Shields        | 3 5 7 8 9 10 | 10.8
Translocations | 1 3 |  3.7
Spellcasting   | 1 2 3 |  3.8

Action                     |  1- 3 |  4- 6 |  7- 9 | 10-12 | 13-15 | 16-18 | 19-21 | 22-24 | 25-27 || total
---------------------------+-------+-------+-------+-------+-------+-------+-------+-------+-------++-------
  Melee: Unarmed           |    80 |    32 |   267 |   381 |   919 |   664 |  1129 |  1274 |  1027 ||  5773
         Kick              |       |       |       |   128 |   308 |   235 |   438 |   189 |    41 ||  1339
  Throw: Dart              |     4 |     9 |    20 |    51 |     6 |    18 |    21 |     1 |       ||   130
         Javelin           |       |       |       |    17 |    11 |     3 |     2 |    51 |    41 ||   125
         Large rock        |       |       |       |     1 |    58 |   204 |   103 |   276 |   240 ||   882
         Boomerang         |       |       |       |       |     7 |   283 |   121 |   182 |       ||   593
         Throwing net      |       |       |       |       |       |       |     1 |       |       ||     1
   Cast: Apportation       |       |       |       |       |       |       |     2 |    12 |     4 ||    18
         Blink             |       |       |       |       |       |       |       |     1 |       ||     1
 Invoke: Elemental Force   |       |       |       |     2 |     7 |    11 |    13 |    10 |    14 ||    57
         Upheaval          |       |       |       |       |    17 |    23 |    23 |    34 |       ||    97
         Disaster Area     |       |       |       |       |     1 |     1 |     4 |       |     2 ||     8
  Evoke: Wand              |       |       |    29 |     8 |    23 |    68 |    36 |    71 |    42 ||   277
         Tin of tremorston |       |       |       |       |     4 |     6 |     7 |     2 |     5 ||    24
         Phial of floods   |       |       |       |       |       |       |     3 |       |       ||     3
         Lightning rod     |       |       |       |       |       |       |       |       |    10 ||    10
         Phantom mirror    |       |       |       |       |       |       |       |       |     1 ||     1
    Use: Scroll            |     3 |     2 |     6 |     3 |    11 |     5 |    13 |     8 |     8 ||    59
         Potion            |       |       |       |     7 |     4 |     9 |    13 |    15 |    10 ||    58
   Stab: Invisible         |       |       |       |     1 |     6 |       |       |       |       ||     7
         Paralysed         |       |       |       |     1 |     1 |     5 |     8 |     3 |     4 ||    22
         Distracted        |       |       |       |       |     2 |       |     4 |     3 |     7 ||    16
 Armour: Robe              |    42 |    19 |   186 |    65 |       |       |       |       |       ||   312
         Acid dragon scale |       |       |       |   144 |   270 |       |       |       |       ||   414
         Troll leather arm |       |       |       |    32 |       |       |       |       |       ||    32
         Quicksilver drago |       |       |       |       |   194 |   513 |   412 |   360 |     9 ||  1488
         Gold dragon scale |       |       |       |       |       |       |       |       |   524 ||   524
         Skin              |       |       |       |       |       |       |       |       |     1 ||     1
  Dodge: Dodged            |    43 |    14 |   122 |   175 |   215 |   225 |   188 |   204 |   184 ||  1370
         Repelled          |       |       |       |     7 |     8 |    20 |     7 |    13 |    16 ||    71
  Block: Kite shield       |       |       |       |   164 |   950 |   895 |   925 |   923 |  1089 ||  4946
         Reflection        |       |       |       |       |       |   114 |    68 |    30 |    40 ||   252
